 Dungeon Crawl Stone Soup version 0.31.0-12-g77e489cdc1 (webtiles) character file.

Game seed: 11792516966866590919

358 spaghetti the Ruffian (level 6, -7/28 HPs)
             Began as a Demonspawn Chaos Knight on Mar 8, 2024.
             Was a Plaything of Xom.
             Killed by divine providence
             ... invoked by an orc priest
              (11 damage)
             ... on level 4 of the Dungeon.
             The game lasted 00:03:15 (2381 turns).

spaghetti the Ruffian (Demonspawn Chaos Knight)     Turns: 2381, Time: 00:03:16

Health: -7/28      AC:  0    Str: 15    XL:     6   Next: 37%
Magic:  6/6        EV: 15    Int: 12    God:    Xom [*.....]
Gold:   232        SH:  0    Dex: 12    Spells: 5/5 levels left

rFire   . .          .
                       - Unarmed
rCold   . . .        (shield currently unavailable)
rNeg    . . .        a - melded +2 leather armour
rPois   .            (no helmet)
rElec   .            (no cloak)
rCorr   .            (no gloves)
SInv    .            (no boots)
Will    .....        (no amulet)
Stlth   +            (no ring)
HPRegen 0.24/turn    (no ring)
MPRegen 0.10/turn

%: no passive effects
@: flux-form, glowing
A: glow, contaminating, reduced hp, foul stench 1, demonic touch 2
a: Begin Untransformation, Renounce Religion


You were on level 4 of the Dungeon.
You worshipped Xom.
You were a special plaything of Xom.
You were something dangerously unstable.
You visited 1 branch of the dungeon, and saw 4 of its levels.

You collected 232 gold pieces.

Inventory:

Missiles
 p - 5 javelins (quivered)
 r - 2 silver javelins
Armour
 a - a +2 leather armour (melded)
Jewellery
 o - a ring of positive energy
Talismans
 f - a flux talisman (active)
Wands
 s - a wand of polymorph (3)
Scrolls
 b - a scroll of silence {unknown}
 d - a scroll of poison {unknown}
 g - 2 scrolls of teleportation {unknown}
 k - 2 scrolls of identify {unknown}
 l - a scroll of vulnerability {unknown}
 q - a scroll of revelation {unknown}
 t - a scroll of enchant weapon {unknown}
Potions
 c - a potion of brilliance {unknown}
 e - a potion of invisibility {unknown}
 h - a potion of enlightenment {unknown}
 i - a potion of lignification {unknown}
 j - a potion of heal wounds {unknown}
 m - a potion of mutation {unknown}
 n - 2 potions of curing {unknown}
 u - a potion of might {unknown}


   Skills:
 - Level 3.0 Fighting
 - Level 1.7 Armour
 - Level 0.8 Dodging
 + Level 5.5 Unarmed Combat
 + Level 2.9 Shapeshifting


You had 5 spell levels left.
You didn't know any spells.
Your spell library contained the following spells:

 Spells                   Type           Power      Damage    Failure   Level
 Summon Blazeheart Golem  Fire/Summ      0%         N/A       97%         4
 Orb of Destruction       Conj           0%         9d5       100%        7
 Spellforged Servitor     Conj/Summ      0%         N/A       100%        7


Dungeon Overview and Level Annotations

Branches:
Dungeon (4/15)
 Temple: D:4-7

Altars:
Kikubaaqudgha
Ru

Shops:
D:3 ([[(


Innate Abilities, Weirdness & Mutations

You are something dangerously unstable.
You glow with magical radiation, making you easy to see and hit.
Foes you strike become dangerously contaminated with magical radiation.
Your maximum health is decreased, since you lack skill for your form.
You are incapable of wielding weapons or throwing items.
You may rarely emit foul miasma when damaged in melee.
Your touch may inflict irresistible damage on your foes.


Message History

You are too injured to fight recklessly!
You are too injured to fight recklessly!
You are too injured to fight recklessly!
You are too injured to fight recklessly!
You are too injured to fight recklessly!
You are too injured to fight recklessly!
You are too injured to fight recklessly!
Unknown command.
Unknown command.
You are too injured to fight recklessly!
You hit the orc priest but do no damage.
The orc priest glows dangerously bright.
The orc misses you. The orc hits you with a +0 flail.
The orc priest looks satisfied for a moment.
The orc closely misses you.
You hit the orc priest but do no damage.
The orc priest shudders as magic cascades through it.
The orc priest twists and deforms.
The orc priest is lightly wounded.
You barely miss the orc priest. Your touch misses the orc priest.
The orc priest is lightly wounded.
The orc barely misses you. The orc priest misses you. The orc misses you. x2
You closely miss the orc priest.
The orc priest is lightly wounded.
The orc closely misses you. The orc hits you with a +0 club.
The orc priest hits you with a +0 short sword.
The orc misses you.
You hit the orc priest.
The orc priest begins to glow.
You touch the orc priest.
The orc priest is severely wounded.
The orc misses you. The orc barely misses you.
The orc priest hits you with a +0 short sword.
* * * LOW HITPOINT WARNING * * *
The orc barely misses you.
You hit the orc priest.
The orc priest glows dangerously bright.
The orc priest is almost dead.
The orc priest calls down the wrath of Beogh upon you.
Beogh smites you!
You die...

......# .....
... ##### #.#
##....# #.#
#......## #.#
........###.#
......o.'.#)#
.....$op'...#
'....$.oo##..#
#......####.#
##....# ##)#+###
#####
#......#####
#...........
..#......######.
#........#......
#........†......


You could see an orc priest (heavy contam, misshapen) and 3 orcs.

Vanquished Creatures
  Sigmund (D:3)
  An ogre (D:4)
  A bombardier beetle (D:4)
  2 adders (D:2)
  A dart slug (D:1)
  4 endoplasms
  9 goblins
  2 hobgoblins
  8 jackals
  6 ball pythons
  5 bats
  2 frilled lizards
  8 kobolds
  4 rats
54 creatures vanquished.

Notes
Turn   | Place    | Note
-------+----------+-------------------------------------------
     0 | D:1      | spaghetti the Demonspawn Chaos Knight began the quest for
                  | the Orb.
     0 | D:1      | Reached XP level 1. HP: 18/18 MP: 1/1
    72 | D:1      | Reached skill level 3 in Unarmed Combat
   120 | D:1      | XOM: silly message
   136 | D:1      | Gained mutation: You may rarely emit foul miasma when
                  | damaged in melee. [demonic ancestry]
   136 | D:1      | Reached XP level 2. HP: 23/24 MP: 2/2
   464 | D:1      | XOM is BORED!
   464 | D:1      | XOM: silly message
   567 | D:1      | Reached XP level 3. HP: 27/29 MP: 3/3
   862 | D:2      | Found an ancient bone altar of Kikubaaqudgha.
   915 | D:2      | Reached skill level 4 in Unarmed Combat
   953 | D:2      | Found a faded altar of an unknown god.
   987 | D:2      | XOM: 11-stop teleportation journey
  1089 | D:2      | XOM: smoke on damage
  1698 | D:3      | Found a sacrificial altar of Ru.
  1856 | D:3      | Gained mutation: Your touch may inflict minor irresistible
                  | damage on your foes. [demonic ancestry]
  1856 | D:3      | Reached XP level 4. HP: 11/35 MP: 4/4
  1946 | D:3      | Found Quemp's Antique Armour Emporium.
  2013 | D:3      | Found Buv Taut's Weapon Emporium.
  2031 | D:3      | Found Rodom's Antique Armour Shop.
  2075 | D:3      | Found Sozyirr's Weapon Emporium.
  2080 | D:3      | Noticed Sigmund
  2082 | D:3      | XOM: confuse monster(s)
  2090 | D:3      | Killed Sigmund
  2091 | D:3      | Reached skill level 5 in Unarmed Combat
  2091 | D:3      | Gained mutation: Your touch may inflict irresistible damage
                  | on your foes. [demonic ancestry]
  2091 | D:3      | Reached XP level 5. HP: 22/41 MP: 5/5
  2193 | D:3      | Found Ibin's Book Boutique.
  2342 | D:4      | Noticed an ogre
  2345 | D:4      | XOM: fog
  2356 | D:4      | Killed an ogre
  2357 | D:4      | Reached XP level 6. HP: 27/47 MP: 6/6
  2381 | D:4      | Killed from afar by an orc priest

Illustrated notes

Levels and vault maps discovered:
D:1:      shiori_arrival_elements, layout_basic
D:2:      layout_basic, nicolae_ecumenical_snake_handling, basic_altar
D:3:      layout_basic, mainiacjoe_overflow_six_doors_small, serial_shops,
          nicolae_shop_bloodbath_and_beyond, shop,
          nicolae_shop_competitors_out_of_business, nicolae_shop_behind_doors,
          nicolae_shop_tiny_glass, uniq_sigmund
D:4:      minmay_polygon_palace, layout_basic, xom_redecorated,
          mainiacjoe_overflow_divided_tiny

Skill      XL: |  1  2  3  4 |
---------------+-------------+-----
Unarmed Combat | 3 4 5 |  5.5
Shapeshifting  | 2 |  2.9
Fighting       | |  3.0
Armour         | |  1.7
Dodging        | |  0.8

Action                     |  1- 3 |  4- 6 || total
---------------------------+-------+-------++-------
  Melee: Unarmed           |   144 |    39 ||   183
         Punch             |     2 |       ||     2
         Touch             |       |     3 ||     3
    Use: Scroll            |     1 |       ||     1
   Stab: Confused          |       |     3 ||     3
 Armour: Leather armour    |    69 |       ||    69
         Skin              |    15 |    13 ||    28
  Dodge: Dodged            |   108 |    30 ||   138
   Form: Flux              |     1 |       ||     1
